 Dungeon Crawl Stone Soup version 0.25-a0-697-g890751e744 (webtiles) character file.

Game seed: 15430620592151734209, levelgen mode: deterministic

8952 DasRunzen the Destroyer (level 10, -1/86 HPs)
             Began as a Demigod Conjurer on Apr 1, 2020.
             Slain by a catoblepas (34 damage)
             ... on level 2 of the Lair of Beasts.
             The game lasted 00:28:34 (11281 turns).

DasRunzen the Destroyer (Demigod Conjurer)         Turns: 11281, Time: 00:28:35

Health: -1/86      AC:  9    Str: 19    XL:     10   Next: 95%
Magic:  22/24      EV: 18    Int: 23    God:
Gold:   452        SH:  0    Dex: 19    Spells: 13/23 levels left

rFire    + . .     SeeInvis .   s - +11 spear "Tebyudd" {vorpal, Dex+3}
rCold    . . .     Gourm    .   (no shield)
rNeg     . . .     Faith    .   a - +1 robe
rPois    .         Spirit   .   (no helmet)
rElec    .         Reflect  .   i - +2 cloak
rCorr    .         Harm     .   h - +2 pair of gloves
MR       +....                  (no boots)
Stlth    ++........             (no amulet)
HPRegen  0.24/turn              l - ring of wizardry
MPRegen  0.19/turn              b - +6 ring of strength

@: no status effects
A: hooves 1, thin skeletal structure 1, clumsy 1, fire resistance 1, high mp 1
a: no special abilities


You were on level 2 of the Lair of Beasts.
You were hungry.

You visited 2 branches of the dungeon, and saw 11 of its levels.
You also visited: Ossuary.

You collected 668 gold pieces.
You spent 216 gold pieces at shops.

Inventory:

Hand Weapons
 p - the +2 hunting sling "Fem Yph" {speed, MR+ Str+3}
   (You found it on level 4 of the Dungeon)

   Attacks with this weapon are significantly faster.
   It affects your strength (+3).
   It affects your resistance to hostile enchantments.
 s - the +11 spear "Tebyudd" (weapon) {vorpal, Dex+3}
   (You bought it in a shop on level 4 of the Dungeon)

   It inflicts extra damage upon your enemies.
   It affects your dexterity (+3).
Armour
 a - a +1 robe (worn)
 h - a +2 pair of gloves (worn)
 i - a +2 cloak (worn)
Jewellery
 b - a +6 ring of strength (right hand)
 g - an uncursed ring of protection from fire
 l - a ring of wizardry (left hand)
 r - an uncursed ring of resist corrosion
Wands
 e - a wand of flame (45)
 m - a wand of disintegration (10)
 y - a wand of acid (10)
 D - a wand of polymorph (8)
 F - a wand of paralysis (6)
Scrolls
 d - 3 scrolls of amnesia
 j - 5 scrolls of remove curse
 k - 6 scrolls of teleportation
 A - 2 scrolls of fog
 G - 2 scrolls of identify
Potions
 f - 4 potions of brilliance
 n - 5 potions of curing
 o - 3 potions of lignification
 q - 2 potions of stabbing
 t - a potion of invisibility
 u - 2 potions of might
 v - 2 potions of flight
 w - 3 potions of haste
 x - 2 potions of berserk rage {unknown}
 z - 2 potions of cancellation {unknown}
 B - a potion of magic {unknown}
 C - 2 potions of heal wounds
 E - a potion of ambrosia {unknown}
Comestibles
 c - 28 rations


   Skills:
 + Level 7.3 Fighting
 + Level 6.2 Polearms
 + Level 7.6 Dodging
 - Level 1.7 Stealth
 + Level 7.0 Spellcasting
 + Level 8.2 Conjurations


You had 13 spell levels left.
You knew the following spells:

 Your Spells              Type           Power        Failure   Level  Hunger
a - Magic Dart            Conj           ####         1%          1    None
b - Searing Ray           Conj           #####.       1%          2    None
c - Dazzling Flash        Conj/Hex       ####..       1%          3    None
d - Iskenderun's Mystic   Conj/Tloc      ####....     6%          4    ###....

Your spell library contained the following spells:

 Spells                   Type           Power        Failure   Level  Hunger
 Shock                    Conj/Air       ####         1%          1    None
 Static Discharge         Conj/Air       ####....     1%          3    None
 Freeze                   Ice            #...         3%          1    None
 Swiftness                Chrm/Air       #.......     4%          2    None
 Fulminant Prism          Conj/Hex       ####......   6%          4    ###....
 Hailstorm                Conj/Ice       ####....     6%          4    ###....
 Frozen Ramparts          Ice            #.....       9%          3    None
 Ozocubu's Armour         Chrm/Ice       #.......     9%          3    None
 Lightning Bolt           Conj/Air       ####......   16%         5    #####..
 Airstrike                Air            #.........   28%         4    ###....
 Summon Ice Beast         Ice/Summ       #.......     28%         4    ###....


Dungeon Overview and Level Annotations

Branches:
Dungeon (9/15)             Temple (0/1) D:5            Lair (2/6) D:9
Ossuary (visited)
  Swamp: Lair:2-4    Shoals: Lair:2-4     Snake: Lair:2-4    Spider: Lair:2-4
    Orc: D:9-12

Shops:
D:4 (%(   D:9 =

Annotations:
D:4 1 runed translucent door, iamserjio's ghost, novice OpCK
Lair:1 Gastronok
Lair:2 exclusion: oklob plant


Innate Abilities, Weirdness & Mutations

You have an increased reservoir of magic. (+10% MP)
You have large cloven feet.
You have a somewhat thin skeletal structure. (Dex +2, Stealth)
You are clumsy. (Dex -2)
Your flesh is heat resistant. (rF+)


Message History

You kick the catoblepas, but do no damage.
The catoblepas is almost dead.
The catoblepas misses you.
You hit the catoblepas.
You kick the catoblepas, but do no damage.
The catoblepas is almost dead.
The catoblepas breathes a plume of calcifying dust at you.
The blast of calcifying dust hits you but does no damage.
The catoblepas breathes a plume of calcifying dust at you.
The blast of calcifying dust hits you but does no damage.
You hit the catoblepas but do no damage.
You kick the catoblepas, but do no damage.
The catoblepas is almost dead.
You hit the catoblepas but do no damage.
You kick the catoblepas.
The catoblepas is almost dead.
The catoblepas breathes a plume of calcifying dust at you.
The blast of calcifying dust hits you. The catoblepas gores you!!
You die...

#..........###....
...........## .#..
..#
......###...####..
...# .....##
##....# ......##
....## ##...##
........ ...## #
##.÷.# ##......
.###
##.##÷..###......
..#
#......###.....#
...
#....#.##@.....#
...
.........##§§Y....#
#..
......####P.§§....#
#. .....#
#.§§§...###
......###§.......#
.>........§...####
..........§....#
##... ......§....##
....# ##.........#


You could see a catoblepas.

Vanquished Creatures
  Sonja (Lair:2)
  Pikel (D:4)
  Joseph (D:7)
  2 komodo dragons
  A troll (D:9)
  A queen bee (D:9)
  3 hippogriffs
  2 wraiths (Ossuary)
  2 wyverns
  3 yaks (Lair:2)
  Eustachio (D:4)
  Duvessa (D:7)
  A water moccasin (D:6)
  2 orc warriors
  2 slaves (D:4)
  2 ice beasts
  2 sky beasts
  2 wolves (D:9)
  2 phantoms
  A centaur (D:8)
  2 crocodiles (Lair:2)
  4 ogres
  Blork the orc (D:4)
  2 bullfrogs
  A big kobold (D:9)
  A scorpion (D:8)
  Dowan (D:7)
  23 killer bees (D:9)
  3 wights (Ossuary)
  8 howler monkeys
  A bullfrog zombie (D:5)
  4 electric eels
  5 crimson imps
  8 hounds
  5 jellies
  An orc priest (D:9)
  3 centaur skeletons
  3 orc wizards
  3 iguanas
  6 worker ants
  9 gnolls
  10 adders
  4 shadow imps
  7 oozes
  An adder skeleton (D:4)
  4 worms
  4 dart slugs
  A leopard gecko (D:3)
  30 orcs
  3 giant cockroaches
  7 goblins
  6 hobgoblins
  16 jackals
  2 quokkas (D:6)
  A ball python (D:5)
  4 ball python skeletons (Ossuary)
  10 bats
  5 frilled lizards
  2 goblin skeletons (D:5)
  3 goblin zombies (D:5)
  A hobgoblin skeleton (Ossuary)
  4 hobgoblin zombies
  7 kobolds
  A leopard gecko skeleton (D:4)
  5 orc skeletons
  2 orc zombies
  A quokka skeleton (D:4)
  11 rats
279 creatures vanquished.

Vanquished Creatures (others)
  6 toadstools (D:6)
6 creatures vanquished.

Grand Total: 285 creatures vanquished

Notes
Turn   | Place    | Note
-------+----------+-------------------------------------------
     0 | D:1      | DasRunzen the Demigod Conjurer began the quest for the Orb.
     0 | D:1      | Reached XP level 1. HP: 14/14 MP: 5/5
   289 | D:1      | Reached XP level 2. HP: 11/22 MP: 0/7
   575 | D:1      | Reached skill level 1 in Fighting
   851 | D:2      | Reached XP level 3. HP: 28/28 MP: 3/8
   960 | D:1      | Learned a level 2 spell: Searing Ray
  1307 | D:2      | Reached skill level 4 in Conjurations
  1615 | D:2      | Reached XP level 4. HP: 35/35 MP: 5/10
  2566 | D:3      | Reached XP level 5. HP: 41/41 MP: 3/11
  3201 | D:4      | Found a runed translucent door,
  3204 | D:4      | Noticed iamserjio's ghost (novice OpCK)
  3595 | D:4      | Noticed Blork the orc
  3603 | D:4      | Killed Blork the orc
  3603 | D:4      | Reached XP level 6. HP: 31/50 MP: 2/13
  3722 | D:4      | Found Ingottiz's Antique Weapon Shop,
  3868 | D:4      | Got a polished hunting sling
  3869 | D:4      | Identified the +2 hunting sling "Fem Yph" {speed, MR+
                  | Str+3} (You found it on level 4 of the Dungeon)
  3974 | D:4      | Reached skill level 5 in Conjurations
  4005 | D:4      | Noticed Eustachio
  4036 | D:4      | Killed Eustachio
  4036 | D:4      | Reached XP level 7. HP: 52/57 MP: 6/15
  4046 | D:4      | Bought a bone spear for 216 gold pieces
  4046 | D:4      | Identified the +11 spear "Tebyudd" {vorpal, Dex+3} (You
                  | bought it in a shop on level 4 of the Dungeon)
  4122 | D:4      | Found Wiqa's Food Boutique,
  4127 | D:4      | Noticed Pikel
  4160 | D:4      | Killed Pikel
  4160 | D:4      | Reached skill level 1 in Polearms
  4270 | D:4      | Found Iqyvamm's Antique Weapon Boutique,
  4300 | D:4      | Reached XP level 8. HP: 66/66 MP: 11/17
  4696 | D:5      | Entered Level 5 of the Dungeon
  4787 | D:5      | Reached skill level 5 in Dodging
  4833 | D:5      | Learned a level 3 spell: Dazzling Flash
  4877 | D:5      | Found a glowing golden altar of the Shining One,
  4936 | D:5      | Reached skill level 6 in Conjurations
  4998 | D:5      | Found a staircase to the Ecumenical Temple,
  5124 | D:5      | Gained mutation: You are weak. (Str -2) [potion of
                  | mutation]
  5124 | D:5      | Gained mutation: You are frail. (-10% HP) [potion of
                  | mutation]
  5124 | D:5      | Gained mutation: Your spells are a little harder to cast,
                  | but a little more powerful. [potion of mutation]
  5204 | D:5      | Found a shimmering altar of Xom,
  5221 | D:5      | Lost mutation: You are frail. (-10% HP) [potion of
                  | mutation]
  5221 | D:5      | Lost mutation: Your spells are a little harder to cast, but
                  | a little more powerful. [potion of mutation]
  5221 | D:5      | Gained mutation: Scrolls take you a little longer to read.
                  | [potion of mutation]
  5221 | D:5      | Gained mutation: You have large cloven feet. [potion of
                  | mutation]
  5221 | D:5      | Gained mutation: Your flesh is heat resistant. (rF+)
                  | [potion of mutation]
  5419 | D:6      | Found an opulent altar of Gozag,
  5419 | D:6      | Found a sparkling altar of Nemelex Xobeh,
  6007 | D:7      | Found a sand-covered staircase,
  6016 | Ossuary  | Entered an ossuary
  6186 | Ossuary  | Reached skill level 5 in Fighting
  6186 | Ossuary  | Reached skill level 5 in Spellcasting
  6262 | Ossuary  | Reached XP level 9. HP: 41/74 MP: 20/20
  6441 | D:7      | Noticed Duvessa
  6441 | D:7      | Noticed Dowan
  6449 | D:7      | Killed Dowan
  6465 | D:7      | Killed Duvessa
  6772 | D:7      | Found an iron altar of Okawaru,
  6773 | D:7      | Found a stormy altar of Qazlal,
  6774 | D:7      | Found a basalt altar of Yredelemnul,
  7134 | D:7      | Noticed Joseph
  7179 | D:7      | Killed Joseph
  7281 | D:7      | Lost mutation: Scrolls take you a little longer to read.
                  | [potion of mutation]
  7281 | D:7      | Lost mutation: You are weak. (Str -2) [potion of mutation]
  7281 | D:7      | Gained mutation: You are clumsy. (Dex -2) [potion of
                  | mutation]
  7281 | D:7      | Gained mutation: Your body sometimes deteriorates upon
                  | taking damage. [potion of mutation]
  7281 | D:7      | Lost mutation: Your body sometimes deteriorates upon taking
                  | damage. [potion of mutation]
  7281 | D:7      | Gained mutation: You have a somewhat thin skeletal
                  | structure. (Dex +2, Stealth) [potion of mutation]
  7390 | D:8      | Reached skill level 7 in Conjurations
  7500 | D:8      | Found a radiant altar of Vehumet,
  8399 | D:9      | Reached XP level 10. HP: 53/83 MP: 22/22
  8624 | D:9      | Reached skill level 5 in Polearms
  8630 | D:9      | Found a staircase to the Lair,
  9208 | D:9      | Found Aptips's Jewellery Emporium,
 10164 | Lair:1   | Entered Level 1 of the Lair of Beasts
 10197 | Lair:1   | Reached skill level 8 in Conjurations
 10245 | Lair:1   | Noticed Gastronok
 10298 | Lair:1   | You fall into a shaft and drop 1 floor!
 10638 | Lair:2   | Noticed Sonja
 10647 | Lair:2   | Killed Sonja
 11001 | Lair:2   | Noticed an oklob plant
 11008 | Lair:2   | Learned a level 4 spell: Iskenderun's Mystic Blast
 11261 | Lair:2   | Noticed a catoblepas
 11281 | Lair:2   | Slain by a catoblepas

Levels and vault maps discovered:
D:1:      dpeg_arrival_rooms_c, layout_basic
D:2:      layout_basic, first_ration, minmay_stone_trees_small,
          serial_bayou_pond_e
D:3:      layout_basic, corexii_corridor_pit
D:4:      layout_basic, gammafunk_ghost_grave, serial_shops,
          kennysheep_mini_moat, shop_coins, nicolae_shop_waterfront,
          minmay_fractal_squares_gapless_5, uniq_blork_the_orc, uniq_pikel,
          uniq_eustachio
D:5:      layout_cave_pools, tgw_xom, nicolae_tso_besieged_by_evil,
          minmay_temple_entry_glass, moated_statue
D:6:      layout_loops_ring, grunt_temple_overflow_opulence, amethyst_killhole,
          minmay_gold_behind_fungi
D:7:      layout_basic, grunt_temple_overflow_open, chequers_ossuary_entry_cave,
          hangedman_decor_growths, uniq_joseph, uniq_duvessa
D:8:      layout_loops_ring, nicolae_overflow_crystal_walls,
          hangedman_little_slice_of_home, kennysheep_cross_room
D:9:      layout_loops_corners, erik_lair_island, serial_shops, shop,
          special_room [special_room_bee]
Lair:1:   layout_long_grid, beast_lair_carwin_5, grunt_megastairs_4,
          uniq_gastronok
Lair:2:   layout_hall_layers, lemuel_oklob_altar, uniq_sonja, uniq_urug

Skill      XL: |  1  2  3  4  5  6  7  8  9 10 |
---------------+-------------------------------+-----
Dodging        | 2 3 4 5 6 7 |  7.6
Spellcasting   | 2 3 4 5 6 7 |  7.0
Fighting       | 1 2 3 4 5 6 7 |  7.3
Conjurations   | 4 5 6 7 8 |  8.2
Polearms       | 1 3 4 6 |  6.2
Stealth        | |  1.7

Action                   |  1- 3 |  4- 6 |  7- 9 | 10-12 || total
-------------------------+-------+-------+-------+-------++-------
Melee: Unarmed           |     8 |       |       |       ||     8
       Short sword       |       |    16 |       |       ||    16
       Dagger            |       |    55 |       |       ||    55
       Spear             |       |       |   244 |   165 ||   409
       Kick              |       |       |    38 |    49 ||    87
 Cast: Magic Dart        |    99 |   106 |    12 |    40 ||   257
       Searing Ray       |     1 |    11 |    15 |    17 ||    44
       Dazzling Flash    |       |       |     3 |     2 ||     5
       Iskenderun's Myst |       |       |       |     3 ||     3
  Use: Scroll            |     4 |     2 |    14 |       ||    20
       Potion            |       |       |     3 |       ||     3
 Stab: Sleeping          |       |       |    11 |     2 ||    13
       Invisible         |       |       |     1 |     1 ||     2
  Eat: Chunk             |     2 |     8 |    10 |     6 ||    26
       Ration            |       |       |     1 |     1 ||     2
Armor: Robe              |     5 |    39 |    30 |    44 ||   118
Dodge: Dodged            |    16 |    81 |   109 |   191 ||   397

Table legend:
 A = Non-vault XP
 B = Vault XP
 C = Vault XP percentage of total XP
 D = Non-vault monster count
 E = Vault monster count
 F = Vault count percentage of total count
                 A         B        C        D         E       F
            +---------+---------+-------+---------+---------+-------
      Total |    7004 |    5785 |  45.2 |     195 |      82 |  29.6
            +---------+---------+-------+---------+---------+-------
        D:1 |      45 |       0 |   0.0 |      15 |       0 |   0.0
        D:2 |      97 |       0 |   0.0 |      30 |       0 |   0.0
        D:3 |     106 |       0 |   0.0 |      33 |       0 |   0.0
        D:4 |     580 |     988 |  63.0 |      27 |       8 |  22.9
        D:5 |     626 |      61 |   8.9 |      19 |      16 |  45.7
        D:6 |     255 |       0 |   0.0 |       6 |       0 |   0.0
        D:7 |     735 |     679 |  48.0 |      13 |       3 |  18.8
        D:8 |    1542 |     162 |   9.5 |      21 |       8 |  27.6
        D:9 |    1014 |    2458 |  70.8 |      21 |      32 |  60.4
     Lair:1 |     465 |       0 |   0.0 |       2 |       0 |   0.0
     Lair:2 |    1539 |     827 |  35.0 |       8 |       1 |  11.1
    Ossuary |       0 |     610 | 100.0 |       0 |      14 | 100.0
            +---------+---------+-------+---------+---------+-------
